 Dungeon Crawl Stone Soup version 0.27-a0-906-g0a00ce863d (webtiles) character file.

Game seed: 12927377605990868569

38 kae the Insei (level 3, 0/26 HPs)
             Began as a Demonspawn Transmuter on Apr 6, 2021.
             Slain by a gnoll
             ... wielding a +0 spear
              (6 damage)
             ... on level 2 of the Dungeon.
             The game lasted 00:00:42 (1458 turns).

kae the Insei (Demonspawn Transmuter)               Turns: 1458, Time: 00:00:42

Health: 0/26       AC:  9    Str: 11    XL:     3   Next: 25%
Magic:  5/6        EV: 12    Int: 14    God:
Gold:   79         SH:  0    Dex: 13    Spells: 5/6 levels left

rFire    . . .     SeeInvis .     - Unarmed
rCold    . . .     Faith    .   (no shield)
rNeg     . . .     Spirit   .   a - +1 robe
rPois    .         Reflect  .   (helmet currently unavailable)
rElec    .         Harm     .   (no cloak)
rCorr    .         Rampage  .   (no gloves)
Will     .....                  (boots currently unavailable)
Stlth    +.........             (no amulet)
HPRegen  0.08/turn              (no ring)
MPRegen  0.10/turn              (no ring)

@: appendages (expiring), sanguine armoured
A: horns 2, talons 2, sanguine armour 1
a: End Transformation


You were on level 2 of the Dungeon.
You had temporarily grown beastly horns and talons.
You visited 1 branch of the dungeon, and saw 2 of its levels.

You collected 79 gold pieces.

Inventory:

Armour
 a - a +1 robe (worn)
Potions
 c - a potion of cancellation {unknown}
 d - a potion of curing {unknown}


   Skills:
 + Level 1.3 Fighting
 + Level 2.0 Dodging
 * Level 3.1 Unarmed Combat
 + Level 2.2 Spellcasting
 * Level 2.3 Transmutations


You had 5 spell levels left.
You knew the following spells:

 Your Spells              Type           Power      Damage    Failure   Level
a - Beastly Appendage     Tmut           16%        N/A       9%          1

Your spell library contained the following spells:

 Spells                   Type           Power      Damage    Failure   Level
 Wereblood                Tmut           8%         N/A       13%         2
 Spider Form              Tmut/Pois      2%         N/A       38%         3
 Ice Form                 Ice/Tmut       4%         N/A       80%         4
 Hydra Form               Tmut           4%         N/A       94%         5


Dungeon Overview and Level Annotations

Branches:
Dungeon (2/15)

Altars:
The Shining One

Annotations:
D:1 1 runed translucent door


Innate Abilities, Weirdness & Mutations

You have temporarily grown beastly horns and talons.
When seriously injured, your bleeding wounds create armour. (AC +6)


Message History

The gnoll hits you with a +0 club.
Your blood congeals into armour.
The gnoll hits you but does no damage.
You barely miss the gnoll. You headbutt the gnoll.
The gnoll is almost dead.
The gnoll barely misses you.
The gnoll hits you from afar with a +0 spear.
You hit the gnoll.
You kill the gnoll!
The gnoll misses you.
You have reached level 3!
Your experience leads to an increase in your attributes!
Increase (S)trength, (I)ntelligence, or (D)exterity?
You feel stronger.
Your demonic ancestry asserts itself...
Your mutations feel more permanent.
The gnoll closely misses you. The gnoll hits you with a +0 spear.
You see here a +0 club.
You hit the gnoll.
The gnoll is lightly wounded.
The gnoll barely misses you. The gnoll hits you but does no damage.
You hit the gnoll. Your headbutt misses the gnoll.
The gnoll is moderately wounded.
Your transformation is almost over.
You barely miss the gnoll.
The gnoll is moderately wounded.
The gnoll hits you from afar with a +0 spear.
* * * LOW HITPOINT WARNING * * *
The gnoll barely misses you.
You barely miss the gnoll. You claw the gnoll.
The gnoll is severely wounded.
The gnoll closely misses you. The gnoll hits you but does no damage.
You closely miss the gnoll. You claw the gnoll.
You kill the gnoll!
The gnoll hits you but does no damage. The gnoll hits you with a +0 spear.
* * * LOW HITPOINT WARNING * * *
You see here a +0 spear.
You barely miss the gnoll. Your kick misses the gnoll. You headbutt the gnoll.
The gnoll is lightly wounded.
The gnoll hits you with a +0 spear.
You die...

###########
#...g@)...#
#.#######.# #.# .#
##.######g##### .#
#.............# .#
#...#####.###.###.#
. #...g.....#
#.........#
#.###..#..#


You could see a gnoll.

Vanquished Creatures
  2 gnolls (D:2)
  A dart slug (D:1)
  An endoplasm (D:1)
  2 giant cockroaches (D:1)
  A goblin (D:1)
  4 hobgoblins
  2 quokkas (D:1)
  3 bats (D:1)
16 creatures vanquished.

Notes
Turn   | Place    | Note
-------+----------+-------------------------------------------
     0 | D:1      | kae the Demonspawn Transmuter began the quest for the Orb.
     0 | D:1      | Reached XP level 1. HP: 15/15 MP: 3/3
     1 | D:1      | Found a runed translucent door.
   180 | D:1      | Found a faded altar of an unknown god.
   407 | D:1      | Gained mutation: When seriously injured, your bleeding
                  | wounds create armour. (AC +6) [demonic ancestry]
   407 | D:1      | Reached XP level 2. HP: 21/21 MP: 3/5
  1337 | D:2      | Reached skill level 3 in Unarmed Combat
  1451 | D:2      | Mutation became permanent: You have a pair of small horns
                  | on your head. [demonic ancestry]
  1451 | D:2      | Gained mutation: You have a pair of horns on your head.
                  | [demonic ancestry]
  1451 | D:2      | Reached XP level 3. HP: 10/26 MP: 4/6
  1458 | D:2      | Slain by a gnoll

Illustrated notes

Levels and vault maps discovered:
D:1:      dpeg_arrival_caged_fury, layout_basic, serial_corexii_hall,
          corexii_hall_statues_l, corexii_hall_statues_t,
          basic_ecumenical_altar, serial_bayou_ford_a
D:2:      layout_loops_corners, basic_altar, corexii_corridor_pit

Skill      XL: |  1  2 |
---------------+-------+-----
Transmutations | 2 |  2.3
Dodging        | 2 |  2.0
Unarmed Combat | 3 |  3.1
Fighting       | |  1.3
Spellcasting   | |  2.2

Action                   || total
-------------------------++-------
Melee: Unarmed           ||    44
       Headbutt          ||     7
       Kick              ||    13
 Cast: Beastly Appendage ||    14
  Use: Scroll            ||     2
       Potion            ||     1
Armor: Robe              ||    10
Dodge: Dodged            ||    35

Table legend: (Time is in decaauts)
 A = Elapsed time spent in this place.
 B = Non-inter-level travel time spent in this place.
 C = Inter-level travel time spent in this place.
 D = Time resting spent in this place.
 E = Time spent auto-exploring this place.
 F = Levels seen in this place.
 G = Mean time per level.
                   A        B        C        D        E       F      G
               +--------+--------+--------+--------+--------+-----+--------+
         Total |   1459 |   1427 |     32 |      0 |   1277 |   2 |  729.5 |
       Dungeon |   1459 |   1427 |     32 |      0 |   1277 |   2 |  729.5 |
               +--------+--------+--------+--------+--------+-----+--------+

Top non-repeatable levels by time:
     D:1: 1333 daAuts
     D:2: 126 daAuts
